 Dungeon Crawl Stone Soup version 0.25.1-2-g60ff931df9 (webtiles) character file.

Game seed: 13138098368020941966

4879 funkygono the Destroyer (level 10, -5/74 HPs)
             Began as a Red Draconian Conjurer on Nov 6, 2020.
             Was a Follower of Sif Muna.
             Slain by Erica
             ... wielding a +1 scimitar of flaming
              (27 damage)
             ... on level 9 of the Dungeon on Nov 7, 2020.
             The game lasted 00:24:08 (11309 turns).

funkygono the Destroyer (Red Draconian Conjurer)   Turns: 11309, Time: 00:24:09

Health: -5/74      AC: 11    Str: 11    XL:     10   Next: 26%
Magic:  24/32      EV: 13    Int: 24    God:    Sif Muna [*.....]
Gold:   462        SH:  0    Dex: 12    Spells: 21/27 levels left

rFire    + . .     SeeInvis .   g - +1 whip
rCold    . . .     Gourm    .   (no shield)
rNeg     . . .     Faith    .   (armour unavailable)
rPois    .         Spirit   .   (helmet restricted)
rElec    .         Reflect  .   z - scarf {harm}
rCorr    .         Harm     +   l - +0 pair of gloves
MR       .....                  x - +2 pair of boots {Stlth+}
Stlth    +++.......             G - amulet of regeneration
HPRegen  0.62/turn              y - ring of magical power
MPRegen  0.23/turn              j - +6 ring of intelligence

@: very slightly contaminated, slowed, very slow
A: breathe fire, unfitting armour, fire resistance 1, cold-blooded, AC +7
a: Breathe Fire, Channel Magic, Renounce Religion


You were on level 9 of the Dungeon.
You worshipped Sif Muna.
Sif Muna was aware of your devotion.
You were not hungry.

You visited 2 branches of the dungeon, and saw 10 of its levels.

You collected 462 gold pieces.

Inventory:

Hand Weapons
 g - a +1 whip (weapon)
Armour
 l - a +0 pair of gloves (worn)
 x - a +2 pair of boots of stealth (worn)
 z - a scarf of harm (worn)
Jewellery
 j - a +6 ring of intelligence (right hand)
 k - an uncursed ring of wizardry
 q - an uncursed ring of protection from cold
 w - a +4 ring of evasion
 y - a ring of magical power (left hand)
 G - an amulet of regeneration (around neck)
Wands
 v - a wand of enslavement (10)
 D - a wand of digging (8)
 E - a wand of flame (15)
 H - a wand of iceblast (11)
Scrolls
 c - 4 scrolls of teleportation
 h - 5 scrolls of magic mapping
 m - 2 scrolls of amnesia
 n - 5 scrolls of identify
 s - a scroll of remove curse
 t - a scroll of noise {unknown}
 A - 2 scrolls of fog
 B - a scroll of enchant armour {unknown}
 I - a scroll of summoning {unknown}
Potions
 a - a potion of resistance
 d - a potion of stabbing
 e - a potion of brilliance
 f - 2 potions of might
 i - 2 potions of lignification
 o - 3 potions of flight
 p - a potion of haste
 u - a potion of cancellation
 C - a potion of berserk rage {unknown}
Comestibles
 b - 18 rations
 F - 4 chunks of flesh


   Skills:
 + Level 2.6 Fighting
 + Level 2.1 Maces & Flails
 + Level 3.9 Dodging
 - Level 3.7 Stealth
 + Level 9.1 Spellcasting
 + Level 10.2 Conjurations
 + Level 2.3 Hexes


You had 21 spell levels left.
You knew the following spells:

 Your Spells              Type           Power        Failure   Level  Hunger
a - Magic Dart            Conj           ####         1%          1    None
b - Searing Ray           Conj           ######       1%          2    None
c - Dazzling Flash        Conj/Hex       #####.       1%          3    None

Your spell library contained the following spells:

 Spells                   Type           Power        Failure   Level  Hunger
 Corona                   Hex            ###....      2%          1    None
 Fulminant Prism          Conj/Hex       #####.....   4%          4    ##.....
 Animate Skeleton         Necr           N/A          6%          1    None
 Apportation              Tloc           ##....       6%          1    None
 Summon Small Mammal      Summ           ##..         6%          1    None
 Confusing Touch          Hex            ###.....     7%          3    None
 Iskenderun's Mystic Bla  Conj/Tloc      #####...     7%          4    ##.....
 Gell's Gravitas          Tloc           ##........   17%         3    None
 Petrify                  Tmut/Erth      ##......     50%         4    ##.....
 Metabolic Englaciation   Hex/Ice        ###.......   69%         5    ####...
 Yara's Violent Unravell  Hex/Tmut       ###.......   69%         5    ####...


Dungeon Overview and Level Annotations

Branches:
Dungeon (9/15)             Temple (1/1) D:5
   Lair: D:8-11         Orc: D:9-12

Altars:
Ashenzari
Cheibriados
Dithmenos
Elyvilon
Fedhas
Gozag
Hepliaklqana
Kikubaaqudgha
Makhleb
Nemelex Xobeh
Okawaru
Qazlal
Ru
Sif Muna
Trog
Uskayaw
Vehumet
Wu Jian
Xom
Yredelemnul
Zin
The Shining One

Annotations:
D:7 2 runed translucent doors
D:9 Erica


Innate Abilities, Weirdness & Mutations

You can breathe blasts of fire.
Your fiery red scales are hard. (AC +7)
You cannot fit into any form of body armour.
Your flesh is heat resistant. (rF+)
You are cold-blooded and may be slowed by cold attacks.


Message History

Nothing appears to happen.
You feel sick.
You hear some strange, mumbled words.
A lance of force appears from out of thin air!
The lance of force hits you!
You are knocked back by the lance of force.
You feel better.
Casting: Searing Ray (safe; 1% risk of failure)
Confirm with . or Enter, or press ? or * to list all spells.
Aiming: Searing Ray (safe; 1% risk of failure)
Press: ? - help, Shift-Dir - straight line The searing ray hits something. (Press . to maintain the ray.)
Something hits you but does no damage.
The searing ray hits something!
Something hits you but does no damage. Something hits you!
* * * LOW HITPOINT WARNING * * *
Something burns you.
* * * LOW HITPOINT WARNING * * *
The searing ray hits something!
Something hits you!!
You die...

#...## ..........
.. #....#
#............
#....##
............
#.....#
##..>....# #.
#.....# #.......#
##
#.....###..#....#
##. #......##..#
#### #..
##....###.## ##..
#..@......####
##...
#...####.....#
#.... ##.##
#.###'###.... #.#
#.#§§§≈≈#.... ###
#.#§#§#≈#....
#.+.._..'<...
###§#.#≈#....
#≈≈.≈≈#....
###+###....


There were no monsters in sight!

Vanquished Creatures
  6 yaks (D:9)
  2 steam dragons (D:8)
  2 black bears (D:9)
  2 orc warriors (D:8)
  2 ice beasts
  2 sky beasts
  2 phantoms
  2 ogres (D:7)
  A centaur (D:5)
  A bullfrog (D:6)
  5 killer bees (D:9)
  4 scorpions
  15 wights
  6 howler monkeys
  2 crimson imps
  2 quasits (D:7)
  4 bullfrog zombies
  4 hounds
  A jelly (D:6)
  A bullfrog skeleton (D:4)
  2 centaur skeletons
  2 orc priests
  6 orc wizards
  3 worker ants
  2 iguanas
  A killer bee zombie (D:9)
  3 hound skeletons
  11 gnolls
  12 adders
  5 shadow imps
  An adder skeleton (D:6)
  4 worms
  2 dart slugs (D:1)
  6 leopard geckos
  13 orcs
  5 giant cockroaches
  8 goblins
  12 hobgoblins
  13 jackals
  8 kobolds
  4 quokkas
  2 ball pythons
  A ball python zombie (D:6)
  9 bats
  8 frilled lizards
  2 leopard gecko zombies
  13 rats
224 creatures vanquished.

Vanquished Creatures (others)
  2 orcs (D:5)
  A fungus (D:8)
3 creatures vanquished.

Grand Total: 227 creatures vanquished

Notes
Turn   | Place    | Note
-------+----------+-------------------------------------------
     0 | D:1      | funkygono the Draconian Conjurer began the quest for the
                  | Orb.
     0 | D:1      | Reached XP level 1. HP: 14/14 MP: 3/3
   314 | D:1      | Reached XP level 2. HP: 20/20 MP: 1/5
   318 | D:1      | Learned a level 2 spell: Searing Ray
  1173 | D:2      | Reached XP level 3. HP: 26/26 MP: 4/6
  1173 | D:2      | Noticed a phantom
  1643 | D:2      | Learned a level 3 spell: Dazzling Flash
  1810 | D:2      | Found a sparkling altar of Nemelex Xobeh.
  1863 | D:2      | Reached skill level 5 in Conjurations
  1945 | D:2      | Reached XP level 4. HP: 33/33 MP: 2/7
  2665 | D:3      | Reached XP level 5. HP: 38/38 MP: 0/9
  3040 | D:3      | Found a white marble altar of Elyvilon.
  3229 | D:3      | Found a stormy altar of Qazlal.
  3382 | D:4      | Reached skill level 1 in Hexes
  3527 | D:4      | Reached skill level 1 in Maces & Flails
  3527 | D:4      | Reached XP level 6. HP: 46/46 MP: 6/11
  3529 | D:4      | Reached skill level 6 in Conjurations
  3996 | D:4      | Found a blossoming altar of Fedhas.
  4667 | D:5      | Entered Level 5 of the Dungeon
  4677 | D:5      | Your scales start taking on a fiery red colour.
  4677 | D:5      | Reached XP level 7. HP: 51/51 MP: 9/13
  4677 | D:5      | Gained mutation: Your flesh is heat resistant. (rF+) [Red
                  | Draconian growth]
  5666 | D:5      | Reached skill level 5 in Spellcasting
  5911 | D:5      | Found a shimmering altar of Xom.
  6044 | D:5      | Reached skill level 1 in Fighting
  6106 | D:5      | Reached skill level 7 in Conjurations
  6180 | D:5      | Found a staircase to the Ecumenical Temple.
  6197 | Temple   | Entered the Ecumenical Temple
  6357 | D:6      | Reached XP level 8. HP: 59/59 MP: 9/15
  7908 | D:7      | Reached skill level 8 in Conjurations
  8128 | D:7      | Reached XP level 9. HP: 67/67 MP: 14/19
  8294 | D:7      | Found a runed translucent door.
  8295 | D:7      | Found a runed translucent door.
  8442 | D:7      | Found a shadowy altar of Dithmenos.
  9218 | D:8      | Found a shimmering blue altar of Sif Muna.
  9219 | D:8      | Found a sacrificial altar of Ru.
  9219 | D:8      | Found a hide-covered altar of Uskayaw.
  9226 | D:8      | Became a worshipper of Sif Muna the Loreminder
  9540 | D:8      | Reached skill level 9 in Conjurations
  9865 | D:8      | Found an ornate altar of the Wu Jian Council.
  9866 | D:8      | Found a radiant altar of Vehumet.
 10182 | D:9      | Found a bloodstained altar of Trog.
 10480 | D:9      | Reached * piety under Sif Muna
 10483 | D:9      | Reached XP level 10. HP: 60/74 MP: 19/22
 10709 | D:9      | Reached skill level 10 in Conjurations
 11259 | D:9      | Found an opulent altar of Gozag.
 11289 | D:9      | Noticed Erica
 11309 | D:9      | Slain by Erica

Illustrated notes

Levels and vault maps discovered:
D:1:      ebering_hopf_link, layout_loops_ring
D:2:      layout_rooms, old_standard_altar
D:3:      layout_rooms, elyvilon_altar_3, lemuel_doored_altar
D:4:      layout_basic, overflow_temple_1_default, minmay_goblin_outpost
D:5:      layout_basic, tgw_xom, minmay_temple_entry_glassed_door, first_ration,
          kennysheep_generic_room_9
D:6:      layout_gridville
D:7:      lemuel_insect_pit, layout_basic, nicolae_dithmenos_shadow_blocks,
          grunt_ogre_cave
D:8:      kennysheep_steamy, layout_basic, gammafunk_temple_overflow_claw,
          gammafunk_temple_overflow_statue, serial_corexii_hall,
          chequers_hall_statues_y, corexii_hall_statues_l,
          corexii_hall_statues_x, corexii_hall_statues_i,
          grunt_decor_one_mirror, hex_medium
D:9:      layout_cave_pods, trog_ov_bears_minmay, kennysheep_little_box,
          uniq_erica
Temple:   nicolae_temple_figure_zero

Skill      XL: |  1  2  3  4  5  6  7  8  9 10 |
---------------+-------------------------------+-----
Conjurations   | 5 6 7 8 9 10 | 10.2
Stealth        | 2 3 |  3.7
Spellcasting   | 3 4 5 6 8 9 |  9.1
Hexes          | 1 2 |  2.3
Maces & Flails | 1 2 |  2.1
Dodging        | 2 3 |  3.9
Fighting       | 1 2 |  2.6

Action                   |  1- 3 |  4- 6 |  7- 9 | 10-12 || total
-------------------------+-------+-------+-------+-------++-------
Melee: Dagger            |     5 |       |       |       ||     5
       Whip              |    15 |    48 |    21 |     3 ||    87
       Tailslap          |     2 |     7 |     1 |       ||    10
 Cast: Magic Dart        |    53 |    91 |   151 |    13 ||   308
       Searing Ray       |     9 |    19 |    68 |     9 ||   105
       Dazzling Flash    |       |       |     7 |     1 ||     8
 Abil: Breathe Fire      |       |       |     1 |       ||     1
  Use: Scroll            |     3 |     6 |    10 |       ||    19
       Potion            |       |       |       |     1 ||     1
  Eat: Chunk             |     2 |     7 |    18 |     3 ||    30
       Ration            |     1 |       |       |       ||     1
Armor: Skin              |     8 |    36 |    24 |     8 ||    76
Dodge: Dodged            |    21 |    44 |    70 |     6 ||   141
